 Dungeon Crawl Stone Soup version 0.32-a0-470-g255bbe2 (webtiles) character file.

Game seed: 2539170901644151103

105 skewfiend the Shooter (level 4, 0/38 HPs)
             Began as a Minotaur Hunter on Feb 25, 2024.
             Was an Initiate of Okawaru.
             Slain by an orc wizard
             ... wielding a +2 dagger of venom
              (1 damage)
             ... on level 4 of the Dungeon.
             The game lasted 00:04:49 (2017 turns).

skewfiend the Shooter (Minotaur Hunter)             Turns: 2017, Time: 00:04:50

Health: 0/38       AC:  9    Str: 15    XL:     4   Next: 54%
Magic:  3/3        EV: 11    Int:  6    God:    Okawaru [......]
Gold:   141        SH:  0    Dex: 16    Spells: 3/3 levels left

rFire   + . .        a - +0 shortbow
rCold   . . .        (shield currently unavailable)
rNeg    . . .        d - +1 ring mail {rF+}
rPois   .            (helmet restricted)
rElec   .            k - +2 cloak
rCorr   .            (no gloves)
SInv    .            (no boots)
Will    .....        (no amulet)
Stlth   +            (no ring)
HPRegen 0.26/turn    (no ring)
MPRegen 0.08/turn

%: no passive effects
@: lethally poisoned (0 -> -17)
A: horns 2, retaliatory headbutt
a: Renounce Religion


You were on level 4 of the Dungeon.
You worshipped Okawaru.
Okawaru was noncommittal.
You visited 1 branch of the dungeon, and saw 4 of its levels.

You collected 141 gold pieces.

Inventory:

Hand Weapons
 a - a +0 shortbow (weapon)
 i - a +0 hand axe of holy wrath
 l - a +0 sling
Armour
 c - a +0 leather armour
 d - a +1 ring mail of fire resistance (worn)
 k - a +2 cloak (worn)
Talismans
 n - a beast talisman
Wands
 m - a wand of mindburst (15)
Scrolls
 b - a scroll of butterflies
 e - a scroll of amnesia {unknown}
 g - 2 scrolls of enchant weapon {unknown}
 h - 4 scrolls of teleportation {unknown}
 j - a scroll of blinking {unknown}
 p - a scroll of revelation {unknown}
Potions
 f - 5 potions of curing {unknown}
 o - a potion of degeneration {unknown}
 q - a potion of lignification {unknown}


   Skills:
 + Level 3.0 Fighting
 * Level 6.4 Ranged Weapons
 - Level 2.1 Dodging
 - Level 0.7 Stealth
 * Level 0.1 Invocations


You had 3 spell levels left.
You didn't know any spells.
Your spell library contained the following spells:

 Spells                   Type           Power      Damage    Failure   Level
 Summon Ice Beast         Ice/Summ       Unusable   N/A       N/A         3
 Animate Armour           Summ/Erth      Unusable   N/A       N/A         4
 Summon Hydra             Summ           Unusable   N/A       N/A         7

Dungeon Overview and Level Annotations

Branches:
Dungeon (4/15)
 Temple: D:4-7

Altars:
Fedhas
Okawaru

Annotations:
D:1 1 transporter


Innate Abilities, Weirdness & Mutations

You have a pair of horns on your head.
You reflexively headbutt those who attack you in melee.


Message History

No target in view!
No target in view!
You shoot an arrow. Something completely misses you.
You shoot an arrow. Something hits you but does no damage.
You are poisoned.
Something hits you but does no damage.
You are more poisoned.
You shoot an arrow.
You feel very sick.
You hear some strange, mumbled words.
A magic dart appears from out of thin air!
The magic dart hits you.
You shoot an arrow.
You feel very sick. Something barely misses you.
You shoot an arrow.
You feel very sick. Something hits you but does no damage.
You are more poisoned.
You shoot an arrow.
You feel very sick. Something hits you.
You are lethally poisoned!
You shoot an arrow.
You feel very sick. Something hits you but does no damage.
You shoot an arrow.
* * * LOW HITPOINT WARNING * * *
You feel very sick. Something hits you but does no damage.
You are more poisoned.
Something hits you but does no damage.
You are more poisoned.
Fire: a) +0 shortbow
Press: ? - help, Q - select action, (/) - cycle Shift-Dir - straight line You shoot an arrow.
* * * LOW HITPOINT WARNING * * *
You feel extremely sick. Something hits you.
You die... #.. ...#.....# #.. ........# ##.. ........# ##...###...#..# #..#..#..#....# #.###...###.#.# P: #..#.....#..#.# PP_ .....#.#.).##.## .PPP

###
..{###.{@..#
#... ##..
#####.###..#
..# #.....#
.## . #....##
#. #..###.[..#
# #.........##
##.....<...#
#..)#####....#
#..# ....#


There were no monsters in sight!

Vanquished Creatures
  3 adders
  A dart slug (D:2)
  A ribbon worm (D:3)
  2 orcs (D:4)
  5 bats
  8 endoplasms
  2 giant cockroaches
  7 goblins
  8 hobgoblins
  2 jackals (D:2)
  6 kobolds
  4 quokkas
  8 ball pythons
  8 frilled lizards
  A rat (D:2)
66 creatures vanquished.

Notes
Turn   | Place    | Note
-------+----------+-------------------------------------------
     0 | D:1      | skewfiend the Minotaur Hunter began the quest for the Orb.
     0 | D:1      | Reached XP level 1. HP: 18/18 MP: 0/0
   204 | D:1      | Reached XP level 2. HP: 25/25 MP: 1/1
   217 | D:1      | Reached skill level 5 in Ranged Weapons
   438 | D:1      | Reached XP level 3. HP: 30/30 MP: 2/2
  1130 | D:2      | Reached skill level 6 in Ranged Weapons
  1130 | D:2      | Reached XP level 4. HP: 35/37 MP: 3/3
  1436 | D:3      | Found an iron altar of Okawaru.
  1442 | D:3      | Became a worshipper of Warmaster Okawaru
  1782 | D:3      | Got the Anthology of Levity
  1982 | D:4      | Found a blossoming altar of Fedhas.
  2017 | D:4      | HP: 1/38 [poisoned by an orc wizard]
  2017 | D:4      | Slain by an orc wizard

Illustrated notes

Levels and vault maps discovered:
D:1:      spicycebolla_arrival_risky_transporter, layout_basic,
          nicolae_concentric_dashed_squares_wild, minmay_tetromino_s2
D:2:      layout_rooms, serial_curves, eino_curves_04, eino_curves_01,
          kennysheep_decorative_pillar, minmay_misc_feat_plants,
          minmay_distorted
D:3:      layout_basic, mainiacjoe_overflow_six_doors_small,
          gammafunk_temple_overflow_forgotten
D:4:      kennysheep_six_static_rooms, layout_layer_cave,
          grunt_temple_overflow_forces_of_nature, minmay_temple_entry_grid,
          minmay_strange_pillars, eino_small_chamber_without_monster,
          kennysheep_flooded_box, uniq_edmund

Skill      XL: |  1  2  3  4 |
---------------+-------------+-----
Ranged Weapons | 5 6 |  6.4
Fighting       | 3 |  3.0
Dodging        | |  2.1
Stealth        | |  0.7
Invocations    | |  0.1

Action                     |  1- 3 |  4- 6 || total
---------------------------+-------+-------++-------
   Fire: Shortbow          |   114 |    65 ||   179
 Armour: Ring mail         |    33 |    15 ||    48
  Dodge: Dodged            |    28 |    13 ||    41

Table legend: (Time is in decaauts)
 A = Elapsed time spent in this place.
 B = Non-inter-level travel time spent in this place.
 C = Inter-level travel time spent in this place.
 D = Time resting spent in this place.
 E = Time spent auto-exploring this place.
 F = Levels seen in this place.
 G = Mean time per level.
                   A        B        C        D        E       F      G
               +--------+--------+--------+--------+--------+-----+--------+
         Total |   2056 |   1938 |    118 |      0 |   1586 |   4 |  514.0 |
       Dungeon |   2056 |   1938 |    118 |      0 |   1586 |   4 |  514.0 |
               +--------+--------+--------+--------+--------+-----+--------+

Top non-repeatable levels by time:
     D:3: 759 daAuts
     D:2: 633 daAuts
     D:1: 624 daAuts
     D:4: 38 daAuts
